 Dungeon Crawl Stone Soup version 0.28.0-47-ge53b351184 (webtiles) character file.

Game seed: 13315029515915495228

55 Iusername the Skirmisher (level 3, -6/34 HPs)
             Began as a Minotaur Fighter on May 4, 2022.
             Killed from afar by Sigmund (12 damage)
             ... with a puff of flame
             ... on level 2 of the Dungeon.
             The game lasted 00:01:09 (1485 turns).

Iusername the Skirmisher (Minotaur Fighter)         Turns: 1485, Time: 00:01:09

Health: -6/34      AC:  7    Str: 22    XL:     3   Next: 67%
Magic:  2/2        EV:  9    Int:  5    God:
Gold:   69         SH:  0    Dex:  9    Spells: 2/2 levels left

rFire   . . .      SeeInvis .   a - +0 war axe
rCold   . . .      Faith    .   c - +0 buckler
rNeg    . . .      Spirit   .   b - +0 scale mail
rPois   .          Reflect  .   (helmet restricted)
rElec   .          Harm     .   (no cloak)
rCorr   .          Rampage  .   (no gloves)
Will    .....                   (no boots)
Stlth   ..........              (no amulet)
HPRegen 0.11/turn               (no ring)
MPRegen 0.08/turn               (no ring)

@: confused
A: horns 2, retaliatory headbutt
a: no special abilities


You were on level 2 of the Dungeon.
You visited 1 branch of the dungeon, and saw 2 of its levels.

You collected 69 gold pieces.

Inventory:

Hand Weapons
 a - a +0 war axe (weapon)
Armour
 b - a +0 scale mail (worn)
 c - a +0 buckler (worn)
Jewellery
 e - a ring of see invisible
Scrolls
 f - a scroll of vulnerability {unknown}
Potions
 d - a potion of might
 g - a potion of curing {unknown}


   Skills:
 + Level 4.6 Fighting
 + Level 3.1 Axes
 + Level 4.1 Armour
 + Level 4.0 Shields


You had 2 spell levels left.
You didn't know any spells.
Your spell library contained the following spells:

 Spells                   Type           Power      Damage    Failure   Level
 Fireball                 Conj/Fire      0%         3d3       100%        5
 Starburst                Conj/Fire      0%         6d3       100%        6
 Ignition                 Fire           0%         3d3       100%        8


Dungeon Overview and Level Annotations

Branches:
Dungeon (2/15)

Altars:

Annotations:
D:2 Sigmund


Innate Abilities, Weirdness & Mutations

You have a pair of horns on your head.
You reflexively headbutt those who attack you in melee.


Message History

The goblin hits you but does no damage.
A hobgoblin comes into view.
There are monsters nearby!
You closely miss the goblin.
The hobgoblin shouts!
You headbutt the goblin.
You kill the goblin!
You block the kobold's attack.
There are monsters nearby!
There are monsters nearby!
You hit the worm.
The worm is lightly wounded.
You completely miss the kobold. Something hits you but does no damage.
The kobold hits you with a +0 club. The worm bites you!
There are monsters nearby!
You slash the worm! You headbutt the worm!
You kill the worm!
You barely miss the kobold. Something hits you but does no damage.
The kobold barely misses you. You furiously retaliate!
You headbutt the kobold. The kobold hits you with a +0 club.
Your Axes skill increases to level 3!
There are monsters nearby!
You barely miss the kobold.
The kobold is moderately wounded.
Something hits you. The kobold hits you but does no damage.
You are too injured to fight recklessly!
You slash the kobold!
You kill the kobold!
Something hits you!
* * * LOW HITPOINT WARNING * * *
The hobgoblin hits you.
* * * LOW HITPOINT WARNING * * *
You slash the hobgoblin!
You kill the hobgoblin!
You hear some strange, mumbled words.
You are confused.
You hear some strange, mumbled words.
A puff of flame appears from out of thin air!
The puff of flame hits you!
You die...

.###....................##
#....................#
#....................#
......................#
#.......(........######
..##.....##.....##
.....##.#### >.....#†####
......[.@..# ##.#...#)..#
#.....#.{.# .............
.#............#
#..............#
#..............#
#..............#


There were no monsters in sight!

Vanquished Creatures
  2 adders (D:2)
  2 worms
  A dart slug (D:1)
  2 endoplasms
  2 hobgoblins
  2 kobolds (D:2)
  2 quokkas
  5 ball pythons (D:1)
  6 bats
  A frilled lizard (D:2)
  4 goblins
  3 rats
32 creatures vanquished.

Notes
Turn   | Place    | Note
-------+----------+-------------------------------------------
     0 | D:1      | Iusername the Minotaur Fighter began the quest for the Orb.
     0 | D:1      | Reached XP level 1. HP: 19/19 MP: 0/0
   224 | D:1      | Reached XP level 2. HP: 27/27 MP: 1/1
  1189 | D:2      | Reached XP level 3. HP: 29/33 MP: 2/2
  1474 | D:2      | Noticed Sigmund
  1485 | D:2      | Killed from afar by Sigmund

Illustrated notes

Levels and vault maps discovered:
D:1:      onia_arrival_mini_maze_b, layout_loops_ring
D:2:      minmay_chambers_of_ones, layout_rooms, serial_shops, shop_fountains,
          uniq_terence, uniq_sigmund, uniq_crazy_yiuf_cottage

Skill      XL: |  1  2  3 |
---------------+----------+-----
Fighting       | 4 |  4.6
Armour         | 4 |  4.1
Shields        | 4 |  4.0
Axes           | 3 |  3.1

Action                   || total
-------------------------++-------
Melee: War axe           ||    83
       Headbutt          ||     7
Armor: Scale mail        ||    53
Dodge: Dodged            ||    33
Block: Buckler           ||    16
